 Dungeon Crawl Stone Soup version 0.31-a0-431-g88bdf31460 (webtiles) character file.

Game seed: 10488900130840165417

43 CraigForest the Ruffian (level 3, 0/20 HPs)
             Began as a Tengu Shapeshifter on July 31, 2023.
             Slain by a kobold
             ... wielding a +2 whip of freezing
              (2 damage)
             ... on level 2 of the Dungeon.
             The game lasted 00:05:03 (1206 turns).

CraigForest the Ruffian (Tengu Shapeshifter)        Turns: 1206, Time: 00:05:03

Health: 0/20       AC:  2    Str: 23    XL:     3   Next: 58%
Magic:  4/4        EV: 11    Int:  8    God:
Gold:   55         SH:  7    Dex: 14    Spells: 2/2 levels left

rFire   . .          .
                       - Unarmed
rCold   . . .        i - +0 kite shield
rNeg    . . .        a - +0 animal skin
rPois   .            (helmet currently unavailable)
rElec   .            (cloak currently unavailable)
rCorr   .            (gloves currently unavailable)
SInv    .            (boots unavailable)
Will    .....        (no amulet)
Stlth   +            g - +6 ring of strength
HPRegen 0.23/turn    (no ring)
MPRegen 0.09/turn

%: no passive effects
@: beast-form
A: beast (slay +2), beak, talons 3
a: Begin Untransformation


You were on level 2 of the Dungeon.
You were a hulking beast.
You visited 1 branch of the dungeon, and saw 2 of its levels.

You collected 55 gold pieces.

Inventory:

Armour
 a - a +0 animal skin (worn)
 i - a +0 kite shield (worn)
Jewellery
 g - a +6 ring of strength (left hand)
Talismans
 c - a beast talisman (active)
Scrolls
 f - 3 scrolls of teleportation
Potions
 b - 2 potions of lignification
 d - a potion of curing {unknown}
 e - a potion of degeneration {unknown}
 h - 2 potions of invisibility
 k - 2 potions of heal wounds


   Skills:
 - Level 1.0 Fighting
 + Level 2.4 Dodging
 + Level 3.9 Unarmed Combat
 + Level 3.3 Shapeshifting


You had 2 spell levels left.
You didn't know any spells.
Your spell library was empty.

Dungeon Overview and Level Annotations

Branches:
Dungeon (2/15)

Altars:


Innate Abilities, Weirdness & Mutations

You are a hulking beast.
Your limbs bulge with bestial killing power. (Slay +2)
You have a beak for a mouth.
You have claws for feet.


Message History

No target in view!
No target in view!
You block the giant cockroach's attack. The giant cockroach closely misses you.
You hit the giant cockroach but do no damage.
You peck the giant cockroach.
You kill the giant cockroach!
No target in view!
No target in view!
A kobold comes into view. It is wielding a +2 whip of freezing.
The kobold shouts!
A kobold is nearby!
The kobold hits you with a +2 whip of freezing.
The kobold freezes you.
You hit the kobold but do no damage. Your kick misses the kobold.
Your peck misses the kobold.
The kobold hits you with a +2 whip of freezing.
The kobold freezes you.
You are too injured to fight recklessly!
You are too injured to fight recklessly!
You are too injured to fight recklessly!
You are too injured to fight recklessly!
You are too injured to fight recklessly!
You are too injured to fight recklessly!
You are too injured to fight recklessly!
You are too injured to fight recklessly!
You barely miss the kobold. Your peck misses the kobold.
A kobold comes into view. It is wielding a +0 club.
You block the kobold's attack.
You completely miss the kobold.
The kobold shouts!
Your kick misses the kobold. Your peck misses the kobold.
The kobold hits you with a +2 whip of freezing.
The kobold freezes you.
* * * LOW HITPOINT WARNING * * *
You closely miss the kobold. You peck the kobold, but do no damage.
A quokka comes into view.
The kobold hits you with a +2 whip of freezing.
* * * LOW HITPOINT WARNING * * *
The kobold freezes you.
You die...

***,***,* *,**#,* #.# *,,,,,*,*
*,,,,.# ##+## *,,,,,*,* *****.#
##...## **,,,,,*,***####.#
##.....## **,,,,,,*,,,,r....#
##.......#
***,,,,,,,****##....####.........
,,,,,,,,,,,,,,,........+.........
***,,,,*,******#KK..#**#.........
**,,,,** #h#,** ##.......# **,***
#.#** ##.....## *,* #.# ##...##
*,* #.# ##'## *,* #.###### #.#
*,* #......# #.# *,*
#......######.#### *,*
#................. *,*
##.....####.......


You could see a quokka (wandering) and 2 kobolds.

Vanquished Creatures
  An adder (D:2)
  An endoplasm (D:1)
  4 giant cockroaches
  6 goblins
  4 hobgoblins
  2 kobolds
  2 quokkas (D:2)
  2 ball pythons
  4 frilled lizards
  6 rats
32 creatures vanquished.

Notes
Turn   | Place    | Note
-------+----------+-------------------------------------------
     0 | D:1      | CraigForest the Tengu Shapeshifter began the quest for the
                  | Orb.
     0 | D:1      | Reached XP level 1. HP: 12/12 MP: 2/2
     9 | D:1      | Found a faded altar of an unknown god.
   107 | D:1      | Reached XP level 2. HP: 16/16 MP: 3/3
   813 | D:2      | Reached XP level 3. HP: 14/20 MP: 4/4
  1206 | D:2      | Slain by a kobold

Illustrated notes

Levels and vault maps discovered:
D:1:      dpeg_arrival_tiny_d, layout_basic,
          hellmonk_ecumenical_altar_heavens_door, serial_forest,
          infiniplex_forest_zigzag_1, infiniplex_forest_clump_double,
          infiniplex_forest_lined_room_, infiniplex_forest_lined_4_way,
          infiniplex_forest_clump_diagonal, infiniplex_forest_lined_3,
          nicolae_the_louvre
D:2:      layout_loops_corners, uniq_natasha

Skill      XL: |  1  2 |
---------------+-------+-----
Shapeshifting  | 3 |  3.3
Fighting       | |  1.0
Dodging        | |  2.4
Unarmed Combat | |  3.9

Action                     || total
---------------------------++-------
  Melee: Unarmed           ||    57
         Kick              ||     6
         Peck              ||     7
    Use: Scroll            ||     6
 Armour: Animal skin       ||     7
  Dodge: Dodged            ||    31
  Block: Kite shield       ||     6

Table legend: (Time is in decaauts)
 A = Elapsed time spent in this place.
 B = Non-inter-level travel time spent in this place.
 C = Inter-level travel time spent in this place.
 D = Time resting spent in this place.
 E = Time spent auto-exploring this place.
 F = Levels seen in this place.
 G = Mean time per level.
                   A        B        C        D        E       F      G
               +--------+--------+--------+--------+--------+-----+--------+
         Total |   1203 |   1124 |     79 |      0 |    809 |   2 |  601.5 |
       Dungeon |   1203 |   1124 |     79 |      0 |    809 |   2 |  601.5 |
               +--------+--------+--------+--------+--------+-----+--------+

Top non-repeatable levels by time:
     D:1: 781 daAuts
     D:2: 422 daAuts
